 Dungeon Crawl Stone Soup version 0.32-a0-768-g0f6f1dd4b9 (webtiles) character file.

Game seed: 15272152996641987130

61120 jasper the Warrior (level 15, -2/103 HPs)
             Began as a Gargoyle Shapeshifter on Mar 18, 2024.
             Was the Champion of Ru.
             Slain by an ice devil (5 damage)
             ... summoned by an obsidian statue
             ... on level 5 of the Lair of Beasts.
             The game lasted 00:29:31 (17836 turns).

jasper the Warrior (Gargoyle Shapeshifter)         Turns: 17836, Time: 00:29:31

Health: -2/103     AC: 24    Str: 28    XL:     15   Next: 1%
Magic:  9/15       EV:  9    Int: 12    God:    Ru [******]
Gold:   1239       SH:  0    Dex: 11    Spells: 8/14 levels left

rFire   + .          .
                       - Unarmed
rCold   + . .        (shield unavailable)
rNeg    + + +        S - +3 scale mail {rN+}
rPois   ∞            j - +2 helmet
rElec   +            a - +1 cloak {rF+}
rCorr   .            x - melded +2 pair of gloves {Str+3}
SInv    .            r - +2 pair of boots
Will    ++...        M - amulet of Peboi {+Blink rPois Will+ Regen+} Stlth
                     (ring unavailable)
HPRegen 1.17/turn    T - ring of Okiu {rC+ rN+ Str+6}
MPRegen 0.14/turn

%: inaccuracy (-5), random rage (3%)
@: blade hand, flying, slowed, very slow
A: flying, sickness immunity, AC +11, big wings, negative energy resistance 1,
electricity resistance, torment resistance 1, petrification resistance, missing
a hand, inability to use devices, missing an eye, berserk 1
a: Begin Untransformation, Renounce Religion, Draw Out Power, Power Leap,
Apocalypse


You were on level 5 of the Lair of Beasts.
You worshipped Ru.
Ru was exalted by your worship.
You had blades for hand.
You visited 5 branches of the dungeon, and saw 19 of its levels.
You also visited: Gauntlet and Volcano.

You collected 1499 gold pieces.
You spent 260 gold pieces at shops.

Inventory:

Missiles
 e - 34 poisoned darts (quivered)
 f - 117 stones
 V - 2 throwing nets
Armour
 a - a +1 cloak of fire resistance (worn)
 j - a +2 helmet (worn)
 r - a +2 pair of boots (worn)
 x - a +2 pair of gloves of strength (melded)
 K - a +0 troll leather armour
 N - a +2 cloak
 P - a +0 crystal plate armour
 S - a +3 scale mail of positive energy (worn)
Jewellery
 k - a +6 ring of dexterity
 t - a ring of willpower
 u - a ring of protection from fire
 C - an amulet of regeneration
 F - a ring of ice
 H - a ring of wizardry
 M - the amulet of Peboi (around neck) {+Blink rPois Will+ Regen+}
   (You found it in a Gauntlet)

   [amulet of regeneration]

   rPois:     It protects you from poison.
   Will+:     It increases your willpower.
   +Blink:    It lets you blink.
   Regen+:    It increases your rate of health regeneration.
 T - the ring of Okiu (right blade hand) {rC+ rN+ Str+6}
   (You acquired it on level 11 of the Dungeon)

   [ring of strength]

   Str+6:     It affects your strength (+6).
   rC+:       It protects you from cold.
   rN+:       It protects you from negative energy.
 Y - the ring "Hiarya" {rF++ MP+9 Int+2 Dex-2}
   (You found it on level 2 of the Lair of Beasts)

   [ring of magical power]

   Int+2:     It affects your intelligence (+2).
   Dex-2:     It affects your dexterity (-2).
   rF++:      It greatly protects you from fire.
   MP+9:      It affects your magic capacity (+9).
Talismans
 c - a beast talisman
 d - a flux talisman
 B - a blade talisman (active)
Wands
 n - a wand of polymorph (33)
 v - a wand of charming (32)
Scrolls
 h - a scroll of fear
 p - 4 scrolls of vulnerability
 y - 5 scrolls of teleportation
 E - 2 scrolls of immolation
 G - 5 scrolls of enchant weapon
 I - 3 scrolls of amnesia
 J - 3 scrolls of brand weapon
 L - 3 scrolls of fog
 O - a scroll of poison
 R - 2 scrolls of revelation
 U - 3 scrolls of summoning
Potions
 b - a potion of invisibility {unknown}
 g - 3 potions of attraction
 i - 2 potions of brilliance
 l - 5 potions of magic
 m - 2 potions of degeneration
 q - 2 potions of resistance
 s - 2 potions of berserk rage
 z - 2 potions of lignification
 A - a potion of cancellation {unknown}
 D - 2 potions of heal wounds {unknown}
 Q - 2 potions of curing {unknown}
 W - 3 potions of haste {unknown}
 X - 7 potions of ambrosia
 Z - a potion of mutation {unknown}


   Skills:
 - Level 15.0 Fighting
 - Level 1.5 Dodging
 - Level 15.0 Unarmed Combat
 + Level 13.3 Shapeshifting


You had 8 spell levels left.
You knew the following spells:

 Your Spells              Type           Power      Damage    Failure   Level
a - Blink                 Tloc           0%         N/A       75%         2
b - Vhi's Electric Charg  Tloc/Air       0%         N/A       100%        4

Your spell library contained the following spells:

 Spells                   Type           Power      Damage    Failure   Level
 Apportation              Tloc           0%         N/A       58%         1
 Foxfire                  Conj/Fire      0%         2x1d4     58%         1
 Freeze                   Ice            0%         1d3       58%         1
 Necrotise                Necr           0%         1d4       58%         1
 Sting                    Conj/Alch      0%         1d3       58%         1
 Summon Small Mammal      Summ           0%         N/A       58%         1
 Lesser Beckoning         Tloc           0%         N/A       75%         2
 Momentum Strike          Conj/Tloc      0%         3d8       75%         2
 Static Discharge         Conj/Air       0%         3-3/arc   75%         2
 Frozen Ramparts          Ice            0%         1d1       92%         3
 Hailstorm                Conj/Ice       0%         3d5       92%         3
 Stone Arrow              Conj/Erth      0%         3d7       92%         3
 Summon Ice Beast         Ice/Summ       0%         N/A       92%         3
 Tukima's Dance           Hex            0%         N/A       92%         3
 Animate Armour           Summ/Erth      0%         N/A       100%        4
 Dimensional Bullseye     Hex/Tloc       0%         N/A       100%        4
 Iskenderun's Mystic Bla  Conj/Tloc      0%         2d3       100%        4
 Arcjolt                  Conj/Air       0%         1d10      100%        5
 Summon Mana Viper        Hex/Summ       0%         N/A       100%        5
 Permafrost Eruption      Ice/Erth       0%         2x4d2     100%        6
 Plasma Beam              Fire/Air       0%         2x1d10    100%        6
 Sculpt Simulacrum        Ice/Alch       0%         N/A       100%        6
 Monstrous Menagerie      Summ           0%         N/A       100%        7
 Orb of Destruction       Conj           0%         9d5       100%        7
 Lehudib's Crystal Spear  Conj/Erth      0%         10d2      100%        8
 Fire Storm               Conj/Fire      0%         5d1       100%        9


Dungeon Overview and Level Annotations

Branches:
Dungeon (11/15)            Temple (1/1) D:4            Lair (5/5) D:9
  Swamp (0/4) Lair:3       Spider (0/4) Lair:2        Slime (1/5) Lair:4
    Orc (1/2) D:9         Volcano (visited)         Gauntlet (visited)

Altars:
Ashenzari
Cheibriados
Dithmenos
Elyvilon
Fedhas
Gozag
Hepliaklqana
Kikubaaqudgha
Makhleb
Nemelex Xobeh
Okawaru
Qazlal
Ru
Sif Muna
Trog
Uskayaw
Vehumet
Wu Jian
Xom
Yredelemnul
Zin
The Shining One
Beogh
Jiyva

Shops:
D:1 [   D:5 *   D:7 [   D:9 (

Annotations:
D:5 3 runed translucent doors, ezpacito's ghost, novice CoCK
Lair:5 exclusion: obsidian statue


Innate Abilities, Weirdness & Mutations

You have blades for hand.
You are flying.
You are incapable of wielding weapons or throwing items.
You are immune to sickness and miasma.
Your stone body is resilient. (AC +11)
You are immune to poison.
Your large and strong wings let you fly.
You resist negative energy. (rN+)
You are resistant to electric shocks. (rElec)
You are resistant to unholy torment.
You are immune to petrification.
You are missing a hand.
You cannot study or use magical devices.
You are missing an eye, making it more difficult to aim.
You sometimes lose your temper in combat.


Message History

You take 8 damage, and have 45/103 hp.
You now have 8/15 mp.
You miss the neqoxec.
The neqoxec is lightly wounded.
The white imp hits you. The white imp freezes you. You resist.
You focus your inner power and blind the white imp in retribution!
The ice devil closely misses you. The neqoxec completely misses you.
The chaos spawn kicks you.
You are engulfed in flames.
You resist. The white imp gestures at you. The puff of frost hits you.
You resist. The ice devil hits you!
* * * LOW HITPOINT WARNING * * *
The ice devil freezes you! You resist.
* * * LOW HITPOINT WARNING * * *
You take 29 damage, and have 16/103 hp.
MASSIVE DAMAGE!!
You closely miss the neqoxec.
The neqoxec is lightly wounded.
The neqoxec hits you but does no damage.
The chaos spawn barely misses you.
The white imp hits you but does no damage.
The ice devil hits you!
* * * LOW HITPOINT WARNING * * *
The ice devil freezes you. You resist.
* * * LOW HITPOINT WARNING * * *
You take 11 damage, and have 5/103 hp.
You slice the neqoxec!!
The neqoxec is severely wounded.
The neqoxec hits you.
* * * LOW HITPOINT WARNING * * *
The chaos spawn is stunned by your conviction and fails to attack.
The white imp begins to attack, but is stunned by your conviction!
The ice devil hits you but does no damage.
You take 3 damage, and have 2/103 hp.
You closely miss the neqoxec.
The neqoxec is severely wounded.
The neqoxec barely misses you. The chaos spawn barely misses you.
The white imp shouts, "Slither home, thou goatish ditch-delivered flirt-gill!"
You redirect the white imp's attack!
The white imp hits the chaos spawn.
The white imp freezes the chaos spawn.
The ice devil hits you.
You die...
Ru respects your ultimate sacrifice.

## ########.
#.#.#.#.. *######
#........ ###.♣####
##....... *.5.I+=#*
##......
♣♣43♣**######......
♣♣5@♣***#ß=ß##......
♣.4.♣ #...##......
#..## #...##......
##..## #).P##......
#...P#####..P#♣......
#....#ß..'.P.#♣......
##...'.[######P......
#...'.P.P# #♣.......
#P.#####.# ♣P.......


You could see an obsidian statue, an ice devil (summoned), a neqoxec (summoned),
a chaos spawn (summoned), a white imp (summoned, blind, unable to see you) and a
shadow imp (summoned).

Vanquished Creatures
  Rupert (Lair:5)
  Gastronok (Lair:3)
  A minotaur (Gauntlet)
  A fire dragon (Volcano)
  Harold (Lair:1)
  4 hydras
  A catoblepas (Lair:5)
  3 boulder beetles
  12 death yaks
  A death scarab (Gauntlet)
  A soul eater (D:9)
  3 sixfirhies (Gauntlet)
  A spectral death yak (Lair:5)
  A fire crab (Volcano)
  A skyshark (Lair:5)
  2 lindwurms
  A necromancer (Lair:5)
  A deep elf pyromancer (D:11)
  A wolf spider (Lair:2)
  A cyclops (D:11)
  14 elephants (Lair:5)
  Joseph (D:8)
  3 meliai (Gauntlet)
  4 black mambas
  An orange demon (D:9)
  7 cane toads
  3 rime drakes
  A dire elephant skeleton (Lair:5)
  An unseen horror (D:5)
  6 komodo dragons
  Psyche (D:8)
  A red devil (D:9)
  3 trolls
  A hornet (Lair:3)
  2 polar bears
  3 queen bees
  5 tyrant leeches (Lair:3)
  6 dream sheep (Lair:4)
  22 blink frogs
  A spectral black mamba (Gauntlet)
  2 jumping spiders (Lair:2)
  2 culicivoras (Lair:2)
  4 shadows
  A wraith (D:11)
  9 wyverns
  27 yaks
  3 fire bats (Volcano)
  5 basilisks
  4 steam dragons
  Grum (D:9)
  3 redbacks (Lair:2)
  17 water moccasins
  2 swamp worms (Lair:3)
  2 hell hounds (Volcano)
  2 ice beasts
  9 orc warriors
  A black bear (Lair:2)
  3 ogres
  15 wolves
  2 phantoms
  3 centaurs
  3 kobold brigands
  8 bullfrogs
  A gnoll sergeant (D:10)
  5 scorpions
  3 wights (D:9)
  38 killer bees
  7 howler monkeys
  3 jellies
  3 lava snakes (Lair:2)
  5 hounds
  12 orc priests
  3 gnoll boudas
  An iron imp (D:9)
  4 sleepcaps
  4 iguanas
  Ijyb (D:4)
  11 orc wizards
  13 gnolls
  6 adders
  2 shadow imps (D:8)
  4 white imps
  An ufetubus (D:9)
  5 ribbon worms
  A dart slug (D:1)
  32 orcs
  6 ball pythons
  7 endoplasms
  3 giant cockroaches
  5 goblins
  9 hobgoblins
  7 jackals
  20 kobolds
  6 quokkas
  4 bats
  11 frilled lizards
  3 rats
499 creatures vanquished.

Vanquished Creatures (collateral kills)
  A yak (Lair:1)
1 creature vanquished.

Vanquished Creatures (others)
  A two-headed ogre (D:8)
  2 yaks
  A hell hound (Volcano)
  A killer bee (Lair:1)
  A lava snake (Lair:2)
  An orc wizard (D:11)
  A gnoll (D:9)
8 creatures vanquished.

Grand Total: 508 creatures vanquished

Notes
Turn   | Place    | Note
-------+----------+-------------------------------------------
     0 | D:1      | jasper the Gargoyle Shapeshifter began the quest for the
                  | Orb.
     0 | D:1      | Reached XP level 1. HP: 12/12 MP: 1/1
   130 | D:1      | Reached XP level 2. HP: 16/16 MP: 2/2
   349 | D:1      | Found Fassuoch's Armour Boutique.
   855 | D:1      | Reached XP level 3. HP: 19/21 MP: 3/3
  1055 | D:1      | Bought a +0 buckler for 45 gold pieces
  1095 | D:2      | Found a faded altar of an unknown god.
  1518 | D:2      | Reached XP level 4. HP: 23/26 MP: 4/4
  2196 | D:3      | You fall into a shaft and drop 3 floors!
  2350 | D:5      | Entered Level 5 of the Dungeon
  2409 | D:5      | Reached XP level 5. HP: 21/30 MP: 5/5
  2576 | D:4      | Noticed Ijyb
  2903 | D:3      | Reached XP level 6. HP: 24/35 MP: 6/6
  4019 | D:4      | Reached skill level 5 in Shapeshifting
  4119 | D:4      | Killed Ijyb
  4120 | D:4      | Reached XP level 7. HP: 21/40 MP: 7/7
  4219 | D:4      | Found a staircase to the Ecumenical Temple.
  4227 | Temple   | Entered the Ecumenical Temple
  4237 | Temple   | Became a worshipper of Ru the Awakened
  4283 | D:4      | Identified the +9 hand axe "Hicafuif" {drain, *Rage Will+
                  | Str+3 Stlth+}
  4762 | D:1      | Bought a +2 pair of gloves of strength for 215 gold pieces
  5154 | D:5      | Found Xeej's Lightly-Used Armoury.
  5451 | D:5      | Reached XP level 8. HP: 42/44 MP: 8/8
  5671 | D:5      | Noticed an unseen horror
  5676 | D:5      | Killed an unseen horror
  5677 | D:5      | Reached skill level 5 in Unarmed Combat
  5804 | D:5      | Found a sparkling altar of Nemelex Xobeh.
  5906 | D:5      | Gained mutation: You cannot study or use magical devices.
                  | [Ru sacrifice]
  5906 | D:5      | Reached * piety under Ru
  5906 | D:5      | Reached ** piety under Ru
  5922 | D:5      | Found a runed translucent gate.
  5922 | D:5      | Noticed ezpacito's ghost (novice CoCK)
  5923 | D:5      | Found a runed translucent gate.
  5925 | D:5      | Found a runed translucent gate.
  5926 | D:5      | Found a roughly hewn altar of Beogh.
  6293 | D:6      | Reached XP level 9. HP: 38/52 MP: 9/9
  6737 | D:7      | Reached skill level 5 in Fighting
  6872 | D:7      | Identified the +2 spear "Ircheo Deda" {flame, rF- Str+6
                  | Dex+6}
  6951 | D:7      | Found a radiant altar of Vehumet.
  7298 | D:7      | Found Lohanat's Armour Emporium.
  7330 | D:7      | Found an ornate altar of the Wu Jian Council.
  8056 | D:8      | Noticed Joseph
  8076 | D:8      | Killed Joseph
  8077 | D:8      | Reached XP level 10. HP: 57/63 MP: 10/10
  8122 | D:8      | Gained mutation: You are missing a hand. [Ru sacrifice]
  8122 | D:8      | Reached *** piety under Ru
  8122 | D:8      | Reached **** piety under Ru
  8122 | D:8      | Reached ***** piety under Ru
  8166 | D:8      | Noticed Psyche
  8175 | D:8      | Killed Psyche
  8330 | D:8      | Reached skill level 10 in Unarmed Combat
  8605 | D:8      | Noticed a two-headed ogre
  8612 | D:8      | Killed a two-headed ogre
  8766 | D:9      | Found a staircase to the Lair.
  8793 | D:9      | Reached skill level 10 in Fighting
  8883 | D:9      | Noticed Grum
  8913 | D:9      | Killed Grum
  8919 | D:9      | Found a staircase to the Orcish Mines.
  9073 | D:9      | Found Favvegg's Antique Weapon Shoppe.
  9216 | D:9      | Noticed a soul eater
  9238 | D:9      | Killed a soul eater
  9239 | D:9      | Reached XP level 11. HP: 70/72 MP: 11/11
  9564 | Orc:1    | Entered Level 1 of the Orcish Mines
  9972 | D:10     | Entered Level 10 of the Dungeon
 10167 | D:10     | Gained mutation: You are missing an eye, making it more
                  | difficult to aim. [Ru sacrifice]
 10167 | D:10     | Reached ****** piety under Ru
 10738 | D:10     | Reached skill level 10 in Shapeshifting
 10819 | D:10     | Found a shimmering blue altar of Sif Muna.
 11041 | D:11     | Noticed a cyclops
 11118 | D:11     | Killed a cyclops
 11266 | D:11     | Found a gate leading to a gauntlet.
 11268 | D:11     | Noticed a deep elf pyromancer
 11293 | D:11     | Killed a deep elf pyromancer
 11303 | D:11     | Found a basalt altar of Yredelemnul.
 11306 | Gauntlet | Entered a Gauntlet
 11306 | Gauntlet | Found a transporter.
 11319 | Gauntlet | Found a transporter.
 11322 | Gauntlet | Found a transporter.
 11323 | Gauntlet | Found a transporter.
 11334 | Gauntlet | Found a transporter.
 11335 | Gauntlet | Found a transporter.
 11339 | Gauntlet | Found a transporter.
 11342 | Gauntlet | Noticed a death scarab
 11346 | Gauntlet | Found a transporter.
 11347 | Gauntlet | Found a transporter.
 11347 | Gauntlet | Found a transporter.
 11351 | Gauntlet | Noticed a sixfirhy
 11352 | Gauntlet | Noticed a sixfirhy
 11355 | Gauntlet | Found a transporter.
 11356 | Gauntlet | Noticed a sixfirhy
 11358 | Gauntlet | Found a transporter.
 11359 | Gauntlet | Found a transporter.
 11368 | Gauntlet | Found a transporter.
 11580 | Gauntlet | Killed a death scarab
 11581 | Gauntlet | Reached XP level 12. HP: 23/79 MP: 3/12
 11710 | Gauntlet | Identified the amulet of Peboi {+Blink rPois Will+ Regen+}
 11781 | Gauntlet | Noticed a minotaur
 11792 | Gauntlet | Killed a minotaur
 11854 | D:11     | Identified a scroll of acquirement
 11854 | D:11     | Acquired the ring of Okiu {rC+ rN+ Str+6}
 12018 | D:11     | Identified the +2 war axe of Temperance {protect, Dex+3}
 12227 | Lair:1   | Entered Level 1 of the Lair of Beasts
 12341 | Lair:1   | Noticed Harold
 12355 | Lair:1   | Killed Harold
 13619 | Lair:2   | Found a runed translucent door.
 13661 | Lair:2   | Noticed an eight-headed hydra
 13667 | Lair:2   | Killed an eight-headed hydra
 13668 | Lair:2   | Reached XP level 13. HP: 83/88 MP: 13/13
 13695 | Lair:2   | Found a hole to the Spider Nest.
 14206 | Lair:2   | Identified the +6 morningstar of Tigerph {vamp, rC+ Int+3}
 14519 | Lair:2   | Found a runed translucent gate.
 14519 | Lair:2   | Found a runed translucent gate.
 14519 | Lair:2   | Found a runed translucent gate.
 14519 | Lair:2   | Found a runed translucent gate.
 14519 | Lair:2   | Found a runed translucent gate.
 14519 | Lair:2   | Found a runed translucent gate.
 14595 | Lair:2   | Identified the ring "Hiarya" {rF++ MP+9 Int+2 Dex-2}
 14811 | Lair:3   | Noticed Gastronok
 14824 | Lair:3   | Killed Gastronok
 15070 | Lair:3   | Reached skill level 15 in Fighting
 15148 | Lair:3   | Found a staircase to the Swamp.
 15520 | Lair:3   | Reached skill level 15 in Unarmed Combat
 15845 | Lair:4   | You fall into a shaft and drop 1 floor!
 15845 | Lair:5   | Entered Level 5 of the Lair of Beasts
 15870 | Lair:5   | Gained mutation: Your large and strong wings let you fly.
                  | [Gargoyle growth]
 15870 | Lair:5   | Reached XP level 14. HP: 84/98 MP: 14/14
 15904 | Lair:4   | Learned a level 2 spell: Blink
 15909 | Lair:4   | Learned a level 4 spell: Vhi's Electric Charge
 15989 | Lair:4   | Got Zuetiuh's Monograph on the Barrage
 16288 | Lair:4   | Found a dark tunnel.
 16299 | Volcano  | Entered a volcano
 16711 | Lair:4   | Found a staircase to the Slime Pits.
 16711 | Lair:4   | Found a viscous altar of Jiyva.
 16838 | Slime:1  | Entered Level 1 of the Pits of Slime
 16838 | Slime:1  | Noticed an acid blob
 16938 | Lair:5   | Noticed Rupert
 16948 | Lair:5   | Killed Rupert
 17745 | Lair:5   | Noticed a dire elephant
 17745 | Lair:5   | Noticed a dire elephant
 17746 | Lair:5   | Noticed a dire elephant
 17786 | Lair:5   | Reached XP level 15. HP: 103/103 MP: 15/15
 17821 | Lair:5   | Gained mutation: You sometimes lose your temper in combat.
                  | [a neqoxec]
 17834 | Lair:5   | HP: 5/103 [ice devil[an obsidian statue] (6)]
 17835 | Lair:5   | HP: 2/103 [neqoxec[an obsidian statue] (4)]
 17836 | Lair:5   | Slain by an ice devil

Illustrated notes

Levels and vault maps discovered:
D:1:      sevenhm_arrival_forest_fort_large_4, layout_loops_ring, serial_shops,
          shop
D:2:      layout_basic, basic_ecumenical_altar, st_stairs_6,
          minmay_misc_feat_five
D:3:      layout_basic, corexii_leaking_fountain, st_stairs_9
D:4:      layout_cave_pods, minmay_temple_entry_stoned_glass,
          minmay_misc_feat_four_crosses, kennysheep_generic_room_5, uniq_ijyb
D:5:      minmay_clustersquares, layout_rooms, nemelex_spade_bored_becter,
          biasface_ghost_orc_armoury, minmay_shop_damaged, minmay_lizard_king
D:6:      layout_rooms, hellmonk_no_cap
D:7:      layout_cave_pods, vehumet_altar_wand_db, lemuel_crystal_altar,
          serial_shops, nicolae_diamond_shop
D:8:      minmay_razor_zed, layout_basic, uniq_psyche, uniq_joseph
D:9:      layout_loops_ring, david_lair_shrubbed, orc_0_dummy, serial_shops,
          nicolae_stop_n_shop_1, nicolae_demonic_statue_gallery, uniq_grum
D:10:     layout_stronghold, lemuel_blue_sif_altar
D:11:     layout_rooms, gauntlet_entry_generic, yredelemnul_altar_generic
Temple:   regret_index_temple_chain_breaker
Lair:1:   layout_cave_pods, special_room [special_room_bee], grunt_megastairs_1,
          uniq_harold
Lair:2:   gammafunk_indiana_jones, layout_long_grid,
          nicolae_spider_entry_tight_spaces
Lair:3:   layout_regular_city, minmay_swamp_entry_worms, serial_bayou_shore_b,
          grunt_megastairs_4, uniq_gastronok
Lair:4:   layout_big_grid, slime_entry_1, nicolae_volcano_entry_vermiform,
          dreamdust_mushroom_princess, beast_lair_carwin_9
Lair:5:   due_jungle_book, layout_regular_city, serial_bayou_lagoon_a,
          uniq_rupert
Slime:1:  cheibrodos_slime_lost_civilization_8, layout_caves
Orc:1:    layout_caves, uniq_sonja

Skill      XL: |  1  2  3  4  5  6  7  8  9 10 11 12 13 14 |
---------------+-------------------------------------------+-----
Fighting       | 2 4 7 10 11 13 15 | 15.0
Shapeshifting  | 3 4 5 6 7 8 10 13 | 13.3
Unarmed Combat | 6 9 10 12 15 | 15.0
Dodging        | |  1.5

Action                     |  1- 3 |  4- 6 |  7- 9 | 10-12 | 13-15 || total
---------------------------+-------+-------+-------+-------+-------++-------
  Melee: Unarmed           |   128 |   182 |   381 |   760 |   625 ||  2076
         Punch             |     1 |       |       |       |       ||     1
  Throw: Dart              |     1 |     3 |     5 |       |       ||     9
 Invoke: Sacrifice Artific |       |       |     1 |       |       ||     1
         Draw Out Power    |       |       |       |     2 |       ||     2
         Sacrifice a Hand  |       |       |       |     1 |       ||     1
         Apocalypse        |       |       |       |     2 |     1 ||     3
         Sacrifice an Eye  |       |       |       |     1 |       ||     1
    Use: Potion            |     1 |       |       |       |       ||     1
         Scroll            |     2 |     6 |     7 |    12 |     3 ||    30
   Stab: Sleeping          |     1 |       |       |       |       ||     1
         Invisible         |       |       |       |     9 |     3 ||    12
         Distracted        |       |       |       |     7 |     2 ||     9
         Paralysed         |       |       |       |     4 |     5 ||     9
 Armour: Animal skin       |    57 |    12 |       |       |       ||    69
         Skin              |     2 |     5 |   126 |   187 |       ||   320
         Ring mail         |       |    72 |       |       |       ||    72
         Scale mail        |       |    22 |     3 |       |    68 ||    93
         Chain mail        |       |       |    68 |       |       ||    68
         Troll leather arm |       |       |       |   338 |   434 ||   772
  Dodge: Dodged            |    54 |    73 |   208 |   431 |   235 ||  1001
  Block: Buckler           |     3 |    22 |    20 |       |       ||    45
   Form: Flux              |       |       |     2 |       |       ||     2
         Blade             |       |       |       |     1 |       ||     1

Table legend: (Time is in decaauts)
 A = Elapsed time spent in this place.
 B = Non-inter-level travel time spent in this place.
 C = Inter-level travel time spent in this place.
 D = Time resting spent in this place.
 E = Time spent auto-exploring this place.
 F = Levels seen in this place.
 G = Mean time per level.
                   A        B        C        D        E       F      G
               +--------+--------+--------+--------+--------+-----+--------+
         Total |  17455 |  16077 |   1378 |   1042 |  10631 |  21 |  831.2 |
       Dungeon |  11165 |  10038 |   1127 |    857 |   6707 |  11 | 1015.0 |
        Temple |     20 |      2 |     18 |      0 |      0 |   1 |   20.0 |
          Lair |   5157 |   4947 |    210 |     67 |   3400 |   5 | 1031.4 |
    Slime Pits |      1 |      1 |      0 |      0 |      0 |   1 |    1.0 |
  Orcish Mines |    374 |    351 |     23 |      0 |    279 |   1 |  374.0 |
       Volcano |    221 |    221 |      0 |      0 |    113 |   1 |  221.0 |
      Gauntlet |    514 |    514 |      0 |    118 |    132 |   1 |  514.0 |
               +--------+--------+--------+--------+--------+-----+--------+

Top non-repeatable levels by time:
     D:3: 1465 daAuts
  Lair:2: 1327 daAuts
     D:5: 1236 daAuts
     D:1: 1171 daAuts
    D:10: 1062 daAuts
     D:7: 1034 daAuts
  Lair:3: 1033 daAuts
     D:4: 1030 daAuts
  Lair:1: 1029 daAuts
     D:2: 994 daAuts
     D:8: 985 daAuts
  Lair:5: 975 daAuts
     D:9: 905 daAuts
  Lair:4: 792 daAuts
     D:6: 695 daAuts
